 Dungeon Crawl Stone Soup version 0.26-a0-976-gd3b5134375 (webtiles) character file.

Game seed: 15643669688272320950

1535 Froggeryz the Gouger (level 8, -4/58 HPs)
             Began as a Felid Berserker on Dec 5, 2020.
             Was a High Priest of Trog.
             Killed from afar by an orc wizard (13 damage)
             ... with a puff of flame
             ... on level 7 of the Dungeon.
             The game lasted 00:09:20 (6968 turns).

Froggeryz the Gouger (Felid Berserker)              Turns: 6968, Time: 00:09:21

Health: -4/58      AC:  2    Str: 14    XL:     8   Next: 55%
Magic:  9/9        EV: 21    Int:  8    God:    Trog [*****.]
Gold:   127        SH:  5    Dex: 17    Spells: 7/7 levels left
                                        Lives:  0   Deaths: 2

rFire    . . .     SeeInvis +     - Unarmed
rCold    . . .     Faith    .   (shield unavailable)
rNeg     . . .     Spirit   .   (armour unavailable)
rPois    .         Reflect  +   (helmet unavailable)
rElec    .         Harm     .   (cloak unavailable)
rCorr    .         Rampage  .   (gloves unavailable)
MR       +....                  (boots unavailable)
Stlth    ..........             d - amulet of reflection
HPRegen  0.19/turn              i - ring of stealth
MPRegen  0.11/turn              (no ring)

@: berserking, very quick
A: very small, no armour, no weapons or thrown items, stealth, claws 1, fangs 3,
see invisible, speed 1, shaggy fur 2, sharp paws
a: Berserk, Trog's Hand, Brothers in Arms, Renounce Religion


You were on level 7 of the Dungeon.
You worshipped Trog.
Trog was extremely pleased with you.
You visited 1 branch of the dungeon, and saw 7 of its levels.
You also visited: Sewer.

You collected 369 gold pieces.
You spent 242 gold pieces at shops.

Inventory:

Jewellery
 d - an amulet of reflection (around neck)
 e - an uncursed amulet of regeneration {unknown}
 i - a ring of stealth (left paw)
 u - an uncursed ring of protection from cold {unknown}
Wands
 o - a wand of acid (5)
 r - a wand of paralysis (18)
Scrolls
 b - a scroll of magic mapping {unknown}
 c - 5 scrolls of remove curse
 g - 2 scrolls of fear {unknown}
 j - a scroll of teleportation
 m - 2 scrolls of amnesia {unknown}
 n - a scroll of blinking {unknown}
 p - 2 scrolls of noise {unknown}
 q - 4 scrolls of identify
 v - a scroll of immolation {unknown}
Potions
 a - 3 potions of curing
 f - 3 potions of heal wounds
 h - 3 potions of invisibility {unknown}
 k - a potion of degeneration {unknown}
 l - 3 potions of magic {unknown}
 s - 2 potions of attraction {unknown}
 t - 2 potions of haste {unknown}
 w - a potion of flight {unknown}


   Skills:
 + Level 6.6 Fighting
 - Level 6.1 Dodging
 + Level 7.8 Stealth
 * Level 8.2 Unarmed Combat


You had 7 spell levels left.
You didn't know any spells.
Your spell library was empty.

Dungeon Overview and Level Annotations

Branches:
Dungeon (7/15)              Sewer (visited)
 Temple: D:4-7

Altars:
Ashenzari
Gozag
Ru
Vehumet

Shops:
D:5 *


Innate Abilities, Weirdness & Mutations

You cannot wear armour.
You are incapable of wielding weapons or throwing items.
Your paws allow you to move quietly. (Stealth)
You have sharp claws.
You have razor-sharp teeth.
You have supernaturally acute eyesight. (SInv)
You cover ground quickly.
You are covered in thick fur. (AC +2)
Your sharp claws are effective at attacking unaware monsters.


Message History

The magic dart hits you.
The orc wizard gestures wildly while chanting.
The orc wizard blinks!
The orc wizard casts a cantrip, but nothing happens.
You claw the orc wizard! You bite the orc wizard.
You kill the orc wizard!
Trog accepts your kill.
Trog appreciates your killing of a magic user.
Trog will now gift you melee weapons as you gain piety.
The orc misses you.
You closely miss the orc. You bite the orc!
You feel the power of Trog in you as your rage grows.
You kill the orc!
Trog accepts your kill.
The orc wizard points at you and mumbles some strange words.
The puff of flame hits you!
* * * LOW HITPOINT WARNING * * *
The orc wizard casts a spell at you. The puff of flame hits you!
You die...

#.....#.......#
#.....##......#
##............##
###.............#
................##
#.###...........#
# .#...$.........
.......ยง......##
..##....@)<####
.). #...o....# ##
#.............
...............
...$......#....
...o...........
......(...[...#
.........#....#


You could see 2 orc wizards.

Vanquished Creatures
  A meliai zombie (D:6)
  Eustachio (D:6)
  2 ice beasts
  2 sky beasts
  2 orc warriors
  A phantom (D:4)
  An ogre (D:6)
  2 centaurs (D:6)
  2 scorpions
  A bullfrog zombie (D:6)
  A centaur skeleton (D:5)
  3 bullfrog skeletons
  An orc priest (D:6)
  3 orc wizards
  An iguana (D:6)
  A hound skeleton (D:7)
  3 gnolls (D:4)
  14 adders
  2 shadow imps
  2 white imps
  2 ufetubi (D:6)
  An ooze (D:1)
  An adder zombie (D:5)
  A worm (D:4)
  An adder skeleton (D:2)
  3 dart slugs (D:1)
  13 leopard geckos
  16 orcs
  4 giant cockroaches
  4 goblins
  12 hobgoblins
  7 jackals
  17 kobolds
  3 quokkas
  5 ball pythons (Sewer)
  5 bats
  13 frilled lizards
  7 rats
161 creatures vanquished.

Vanquished Creatures (others)
  9 plants
9 creatures vanquished.

Grand Total: 170 creatures vanquished

Notes
Turn   | Place    | Note
-------+----------+-------------------------------------------
     0 | D:1      | Froggeryz the Felid Berserker began the quest for the Orb.
     0 | D:1      | Reached XP level 1. HP: 10/10 MP: 2/2
   273 | D:1      | Reached XP level 2. HP: 14/14 MP: 3/3
   713 | D:1      | Reached XP level 3. HP: 17/17 MP: 4/4
   820 | D:1      | Reached ** piety under Trog
  1131 | D:2      | Found a sacrificial altar of Ru.
  1166 | D:2      | Found a faded altar of an unknown god.
  1386 | D:2      | Found an opulent altar of Gozag.
  1725 | D:3      | Reached XP level 4. HP: 18/22 MP: 5/5
  1727 | D:3      | Reached skill level 1 in Stealth
  1829 | D:3      | Reached skill level 5 in Dodging
  2033 | D:3      | Reached *** piety under Trog
  2305 | D:3      | Found a broken altar of Ashenzari.
  2760 | D:4      | Found a radiant altar of Vehumet.
  2791 | D:4      | Slain by an orc wizard
  2792 | D:4      | Reached XP level 3. HP: 0/18 MP: 4/4
  2829 | D:4      | Reached skill level 4 in Unarmed Combat
  2829 | D:4      | Reached XP level 4. HP: 22/22 MP: 5/5
  3051 | D:4      | Reached XP level 5. HP: 7/25 MP: 6/6
  3052 | D:4      | Found a glowing drain.
  3064 | Sewer    | Entered a sewer
  3597 | Sewer    | Reached **** piety under Trog
  4306 | D:4      | Noticed a phantom
  4322 | D:4      | Killed a phantom
  4323 | D:4      | Gained mutation: You are covered in thick fur. (AC +2)
                  | [Felid growth]
  4323 | D:4      | Reached XP level 6. HP: 29/29 MP: 7/7
  4723 | D:5      | Entered Level 5 of the Dungeon
  4873 | D:5      | Found Evorus's General Store.
  4879 | D:5      | Bought a wand of paralysis (7) for 99 gold pieces
  4879 | D:5      | Bought a wand of paralysis (11) for 143 gold pieces
  5076 | D:5      | Noticed a sky beast
  5086 | D:5      | Killed a sky beast
  5087 | D:5      | Reached skill level 5 in Unarmed Combat
  5242 | D:5      | Reached skill level 5 in Fighting
  5242 | D:5      | Reached XP level 7. HP: 29/33 MP: 8/8
  5453 | D:5      | Reached skill level 5 in Stealth
  5758 | D:6      | Reached skill level 6 in Unarmed Combat
  5776 | D:6      | Slain by a meliai zombie
  5777 | D:6      | Reached XP level 6. HP: -1/30 MP: 7/7
  5781 | D:6      | Noticed an ice beast
  5782 | D:6      | Noticed an orc warrior
  5789 | D:6      | Killed an ice beast
  5795 | D:6      | Reached XP level 7. HP: 33/33 MP: 8/8
  6002 | D:6      | Noticed Eustachio
  6008 | D:6      | Reached skill level 7 in Unarmed Combat
  6017 | D:6      | Killed Eustachio
  6023 | D:6      | Reached XP level 8. HP: 39/39 MP: 9/9
  6563 | D:6      | Reached skill level 8 in Unarmed Combat
  6966 | D:7      | Reached ***** piety under Trog
  6968 | D:7      | Killed from afar by an orc wizard

Illustrated notes

Levels and vault maps discovered:
D:1:      moated_graveyard_arrival, layout_basic, kennysheep_nondescript
D:2:      layout_basic, nicolae_ru_sacrificial_ziggurat,
          chequers_ecumenical_altar_simple, nicolae_gozag_seed_capital
D:3:      layout_loops_corners, evilmike_ruin_ashenzari
D:4:      layout_basic, lemuel_crystal_altar, cheibrodos_sewer_entry_bend,
          minmay_misc_feat_room
D:5:      layout_basic, serial_shops, shop
D:6:      layout_loops_ring, minmay_lizard_king, uniq_eustachio
D:7:      layout_cave_pools, chequers_temple_overflow_statue_of_worship,
          temple_statues, uniq_duvessa

Skill      XL: |  1  2  3  4  5  6  7  8 |
---------------+-------------------------+-----
Stealth        | 3 4 7 |  7.8
Dodging        | 5 6 |  6.1
Fighting       | 4 5 6 |  6.6
Unarmed Combat | 4 5 7 8 |  8.2

Action                   |  1- 3 |  4- 6 |  7- 9 || total
-------------------------+-------+-------+-------++-------
Melee: Unarmed           |   111 |   202 |   125 ||   438
       Bite              |    15 |    20 |    17 ||    52
       Punch             |     3 |     1 |     3 ||     7
Invok: Berserk           |     2 |     6 |     3 ||    11
  Use: Scroll            |       |     6 |       ||     6
       Potion            |       |     1 |       ||     1
 Stab: Sleeping          |     5 |    13 |    11 ||    29
       Distracted        |       |     3 |     1 ||     4
Armor: Skin              |     2 |     6 |     3 ||    11
Dodge: Dodged            |    60 |   124 |    75 ||   259
Block: Other             |    24 |    29 |    14 ||    67
       Reflection        |     2 |       |       ||     2

Table legend: (Time is in decaauts)
 A = Elapsed time spent in this place.
 B = Non-inter-level travel time spent in this place.
 C = Inter-level travel time spent in this place.
 D = Time resting spent in this place.
 E = Time spent auto-exploring this place.
 F = Levels seen in this place.
 G = Mean time per level.
                   A        B        C        D        E       F      G
               +--------+--------+--------+--------+--------+-----+--------+
         Total |   6237 |   6061 |    176 |   1540 |   3355 |   8 |  779.6 |
       Dungeon |   5574 |   5398 |    176 |   1364 |   3096 |   7 |  796.3 |
         Sewer |    663 |    663 |      0 |    176 |    258 |   1 |  663.0 |
               +--------+--------+--------+--------+--------+-----+--------+

Top non-repeatable levels by time:
     D:4: 1171 daAuts
     D:6: 1069 daAuts
     D:1: 1048 daAuts
     D:3: 945 daAuts
     D:5: 875 daAuts
   Sewer: 663 daAuts
     D:2: 437 daAuts
     D:7: 26 daAuts
